 Dungeon Crawl Stone Soup version 0.28.0-43-g3370ac3207 (webtiles) character file.

Game seed: 3564772041683424838

9836 croobank the Fighter (level 11, -12/135 (151) HPs)
             Began as a Hill Orc Fighter on Mar 14, 2022.
             Was a Follower of Beogh.
             Killed from afar by a deep elf pyromancer (14 damage)
             ... with a bolt of fire
             ... on level 13 of the Dungeon.
             The game lasted 00:43:35 (13867 turns).

croobank the Fighter (Hill Orc Fighter)            Turns: 13867, Time: 00:43:35

HP:   -12/135 (151) AC: 25    Str: 30    XL:     11   Next: 52%
MP:   11/11         EV:  2    Int:  8    God:    Beogh [*.....]
Gold: 595           SH:  6    Dex: 10    Spells: 10/10 levels left

rFire   . . .      SeeInvis .   a - +4 flail (drain)
rCold   . . .      Faith    .   c - +0 buckler
rNeg    . . .      Spirit   .   (armour currently unavailable)
rPois   +          Reflect  .   (helmet currently unavailable)
rElec   .          Harm     .   (cloak currently unavailable)
rCorr   .          Rampage  .   (gloves currently unavailable)
Will    .....      NoTele   +   (boots currently unavailable)
Stlth   +.........              (no amulet)
HPRegen 0.32/turn               p - +4 ring of evasion
MPRegen 0.12/turn               N - +6 ring of strength

@: lethally poisoned (-12 -> -17), tree-form, slowed, heavily drained, very slow
A: stationary, stasis, torment immunity, boosted hp
a: Renounce Religion


You were on level 13 of the Dungeon.
You worshipped Beogh.
Beogh was aware of your devotion.
You were a tree.
You visited 1 branch of the dungeon, and saw 13 of its levels.
You also visited: Ossuary.

You collected 595 gold pieces.

Inventory:

Hand Weapons
 a - a +4 flail of draining (weapon)
 b - a +0 shortbow
 g - a +0 dire flail
 h - a +4 scythe of freezing
 m - a +0 falchion
 t - a +0 long sword
 D - a +0 morningstar
 E - a +4 trident
 G - a +4 falchion of freezing
 R - a +1 war axe of electrocution
Missiles
 e - 324 stones
 f - 59 bolts
 l - 78 sling bullets
 n - 8 atropa-tipped darts
 q - 23 poisoned darts
 w - 184 arrows
Armour
 c - a +0 buckler (worn)
 k - a +0 pair of boots (melded)
 s - a +0 helmet (melded)
 v - a +0 scale mail
 z - a +0 plate armour (melded)
 J - a +0 cloak (melded)
 O - a +0 pair of gloves (melded)
Jewellery
 i - a ring of ice
 p - a +4 ring of evasion (left branch)
 M - a +4 ring of evasion
 N - a +6 ring of strength (right branch)
Wands
 d - a wand of polymorph (10)
 C - a wand of paralysis (2)
 I - a wand of iceblast (7) (quivered)
 K - a wand of digging (7)
Scrolls
 r - 2 scrolls of magic mapping
Potions
 u - 2 potions of magic
 x - 4 potions of degeneration
 A - 2 potions of lignification
 B - a potion of brilliance
 F - a potion of mutation


   Skills:
 + Level 10.5 Fighting
 - Level 6.1(10.3) Axes
 * Level 10.2(10.7) Maces & Flails
 - Level 3.3(4.7) Polearms
 + Level 9.6 Armour
 + Level 9.6 Shields


You had 10 spell levels left.
You didn't know any spells.
Your spell library contained the following spells:

 Spells                   Type           Power      Damage    Failure   Level
 Ensorcelled Hibernation  Hex/Ice        0%         N/A       63%         2
 Spider Form              Tmut/Pois      0%         N/A       85%         3
 Airstrike                Air            0%         N/A       99%         4
 Anguish                  Hex/Necr       0%         N/A       99%         4
 Leda's Liquefaction      Hex/Erth       0%         N/A       99%         4
 Summon Lightning Spire   Summ/Air       0%         N/A       99%         4
 Lee's Rapid Deconstruct  Erth           0%         3d5*      100%        5
 Lightning Bolt           Conj/Air       0%         1d11      100%        5
 Conjure Ball Lightning   Conj/Air       0%         3x3d6     100%        6
 Statue Form              Tmut/Erth      0%         N/A       100%        6
 Discord                  Hex            0%         N/A       100%        8
 Disjunction              Tloc           0%         N/A       100%        8


Dungeon Overview and Level Annotations

Branches:
Dungeon (13/15)            Temple (0/1) D:4         Ossuary (visited)
   Lair: D:8-11         Orc: D:9-12      Vaults: D:13-14

Altars:
Cheibriados
Kikubaaqudgha

Shops:
D:2 !   D:10 !

Annotations:
D:3 1 runed translucent door, Crazy Yiuf
D:13 Josephine


Message History

You are more poisoned.
An electric eel comes into view.
The electric eel shoots out a bolt of lightning at you!
The bolt of electricity hits you.
* * * LOW HITPOINT WARNING * * *
The wraith hits you but does no damage.
Okay, then.
Really read the scroll of immolation?
As you read the scroll of immolation, it crumbles to dust.
The creatures around you are filled with an inner flame!
You feel very sick.
Josephine gestures at you while chanting.
The ghostly flame explodes!
The ghostly fireball engulfs you!
You feel drained.
* * * LOW HITPOINT WARNING * * *
The ghostly fireball engulfs the wraith.
The wraith completely resists.
The ghostly fireball engulfs Josephine.
Josephine completely resists.
The electric eel shoots out a bolt of lightning at you!
The bolt of electricity hits you but does no damage.
The wraith hits you but does no damage.
A deep elf pyromancer comes into view. It is wielding a +0 long sword.
Josephine hits you with a +0 dagger of venom.
* * * LOW HITPOINT WARNING * * *
Okay, then.
You bludgeon Josephine!!
Flame seeps out of Josephine.
Josephine is severely wounded.
* * * LOW HITPOINT WARNING * * *
You feel very sick. The wraith barely misses you.
Josephine is engulfed in blazing flames.
Flame seeps out of Josephine.
Josephine hits you but does no damage.
You hit the wraith.
Flame seeps out of the wraith.
The wraith is lightly damaged.
* * * LOW HITPOINT WARNING * * *
You feel sick.
The wraith is engulfed in blazing flames.
Flame seeps out of the wraith.
The wraith hits you but does no damage.
The deep elf pyromancer points at you and mumbles some strange words.
The bolt of fire hits you!
You die...

#≈≈≈≈≈≈≈≈≈≈
####≈≈≈≈≈≈≈≈≈≈
≈≈≈≈≈≈≈≈≈≈≈≈≈
#≈≈≈≈≈≈≈≈≈≈≈
#.≈≈≈≈≈≈≈≈≈≈ #...SS≈
≈≈≈≈ #....##W≈≈≈≈
#..W♣@..≈≈≈≈
#.#######.....####≈≈
#......)).....e....
#.#########.#..###.
#.##.# ... ...
#.###.## #.# .. #.#
.#


You could see Josephine (inner flame), a freezing wraith (inner flame), a deep
elf pyromancer, a wraith (inner flame) and 2 electric eels.

Vanquished Creatures
  A two-headed ogre (D:9)
  A skeletal warrior (D:11)
  Pikel (D:5)
  2 cyclopes
  A troll (D:10)
  A hornet (D:9)
  A shadow (D:10)
  Sigmund (D:3)
  A wyvern (D:9)
  10 yaks
  A steam dragon (D:7)
  Edmund (D:5)
  Menkaure (D:5)
  A water moccasin (D:3)
  An acid dragon (D:9)
  4 orc warriors
  2 sky beasts
  2 hornet zombies
  A black bear (D:6)
  3 ice beasts
  A necrophage (D:7)
  2 ogres (D:6)
  4 centaurs
  A lemure (D:6)
  An elf zombie (Ossuary)
  2 bullfrogs
  A gnoll sergeant (D:10)
  A water moccasin skeleton (D:7)
  15 killer bees
  7 wights (D:7)
  3 vampire bats (D:9)
  6 centaur zombies
  8 hounds
  A bullfrog zombie (D:6)
  2 human zombies (Ossuary)
  An orc priest (D:10)
  2 centaur skeletons
  2 iguanas
  13 orc wizards
  Ijyb (D:3)
  2 mummies (Ossuary)
  A howler monkey zombie (D:9)
  11 gnolls
  A howler monkey skeleton (D:4)
  5 adders
  2 shadow imps (D:6)
  A white imp (D:6)
  2 ufetubi (D:6)
  5 dart slugs
  A worm (D:5)
  22 orcs
  3 bat skeletons (D:9)
  2 bat zombies (D:9)
  4 endoplasms
  6 giant cockroaches
  6 goblins
  6 hobgoblins
  4 kobolds
  4 quokkas
  6 ball pythons
  5 bats
  6 frilled lizards
  5 goblin zombies (Ossuary)
  7 hobgoblin zombies (Ossuary)
  10 kobold zombies (Ossuary)
  10 orc zombies (Ossuary)
  8 rats
256 creatures vanquished.

Vanquished Creatures (others)
  A boulder beetle (D:13)
  An ugly thing (D:13)
  A water elemental (D:13)
  A human (D:13)
  2 centaurs (D:13)
  An orc priest (D:8)
  A killer bee zombie (D:8)
  3 plants (D:2)
11 creatures vanquished.

Grand Total: 267 creatures vanquished

Notes
Turn   | Place    | Note
-------+----------+-------------------------------------------
     0 | D:1      | croobank the Hill Orc Fighter began the quest for the Orb.
     0 | D:1      | Reached XP level 1. HP: 19/19 MP: 1/1
   112 | D:1      | Reached XP level 2. HP: 20/27 MP: 2/2
   184 | D:1      | Found a faded altar of an unknown god.
   673 | D:2      | Reached XP level 3. HP: 26/33 MP: 3/3
  1108 | D:2      | Found Dekuuw's Distillery.
  1164 | D:2      | Reached XP level 4. HP: 29/40 MP: 4/4
  1731 | D:3      | Noticed Ijyb
  1736 | D:3      | Killed Ijyb
  1820 | D:3      | Reached XP level 5. HP: 29/47 MP: 5/5
  2079 | D:3      | Noticed a water moccasin
  2089 | D:3      | Killed a water moccasin
  2090 | D:3      | Reached skill level 5 in Fighting
  2090 | D:3      | Reached XP level 6. HP: 30/56 MP: 6/6
  2497 | D:3      | Noticed Sigmund
  2512 | D:3      | HP: 2/56 [something/puff of flame (4)]
  2518 | D:3      | HP: 1/56 [something (2)]
  2519 | D:3      | Killed Sigmund
  2520 | D:3      | Reached skill level 5 in Axes
  2520 | D:3      | Reached skill level 5 in Armour
  3026 | D:3      | Found a runed translucent door.
  3027 | D:3      | Noticed Crazy Yiuf
  3184 | D:4      | Found a sand-covered staircase.
  3190 | Ossuary  | Entered an ossuary
  3284 | Ossuary  | Reached skill level 5 in Shields
  3369 | Ossuary  | Reached XP level 7. HP: 55/61 MP: 7/7
  3992 | D:4      | Found a staircase to the Ecumenical Temple.
  4467 | D:4      | Reached XP level 8. HP: 44/71 MP: 8/8
  4614 | D:5      | Entered Level 5 of the Dungeon
  4656 | D:5      | Reached skill level 1 in Polearms
  4931 | D:5      | Found a snail-covered altar of Cheibriados.
  5101 | D:5      | Noticed Menkaure
  5109 | D:5      | Killed Menkaure
  5353 | D:5      | Noticed Edmund
  5367 | D:5      | Killed Edmund
  5705 | D:5      | Reached skill level 1 in Maces & Flails
  5964 | D:5      | Noticed Pikel
  6226 | D:6      | Reached XP level 9. HP: 56/79 MP: 9/9
  6923 | D:5      | Killed Pikel
  7179 | D:5      | Reached skill level 5 in Maces & Flails
  8239 | D:7      | Noticed a cyclops
  8596 | D:7      | Reached XP level 10. HP: 61/90 MP: 10/10
  9293 | D:7      | Killed a cyclops
 10161 | D:8      | Became a worshipper of Beogh the Brigand
 11020 | D:9      | Noticed a two-headed ogre
 11234 | D:9      | Paralysed by a hornet for 1 turns
 11245 | D:9      | Reached XP level 11. HP: 59/99 MP: 11/11
 11732 | D:9      | Reached * piety under Beogh
 11746 | D:9      | Found an ancient bone altar of Kikubaaqudgha.
 11755 | D:9      | Reached skill level 10 in Fighting
 11822 | D:9      | Killed a two-headed ogre
 11832 | D:9      | Identified the +1 robe of Hospitality {Rampage +Inv rPois
                  | Slay-6}
 12066 | D:10     | Entered Level 10 of the Dungeon
 12366 | D:10     | Found Naet's Distillery.
 13043 | D:10     | You fall into a shaft and drop 2 floors!
 13043 | D:12     | Noticed a cyclops
 13043 | D:12     | Noticed a seven-headed hydra
 13059 | D:12     | Killed a cyclops
 13064 | D:12     | Noticed a cyan ugly thing
 13067 | D:12     | Noticed a manticore
 13506 | D:11     | Noticed a skeletal warrior
 13520 | D:11     | Noticed a six-headed hydra
 13523 | D:11     | Killed a skeletal warrior
 13523 | D:11     | Noticed a death knight
 13524 | D:11     | Reached skill level 10 in Maces & Flails
 13539 | D:12     | Noticed Josephine
 13539 | D:12     | Noticed a brown ugly thing
 13542 | D:12     | Noticed a boulder beetle
 13559 | D:13     | HP: 3/151 [electric eel/bolt of electricity (5)]
 13561 | D:13     | HP: 1/101 [centaur/arrow (1)]
 13563 | D:13     | Killed a brown ugly thing
 13575 | D:13     | Killed a boulder beetle
 13865 | D:13     | Noticed a deep elf pyromancer
 13865 | D:13     | HP: 6/135 [Josephine/+0 dagger of venom (2)]
 13867 | D:13     | HP: 2/135 [poisoned by Josephine]
 13867 | D:13     | Killed from afar by a deep elf pyromancer

Illustrated notes

Levels and vault maps discovered:
D:1:      onia_arrival_mini_maze_b, layout_rooms, ebering_ecumenical_altar_ruins
D:2:      layout_loops_ring, serial_shops, nicolae_diamond_shop,
          chequers_big_river
D:3:      layout_loops_cross, grunt_decor_one_mirror, uniq_ijyb, uniq_sigmund,
          uniq_crazy_yiuf_cottage
D:4:      layout_rooms, minmay_temple_entry_wispy,
          nicolae_ossuary_entry_monument, nicolae_underground_beach
D:5:      layout_loops_ring, overflow_temple_1_default, uniq_pikel,
          uniq_menkaure, uniq_edmund
D:6:      layout_cave_pools, kennysheep_dice
D:7:      layout_cave_pools
D:8:      layout_basic, hangedman_decor_growths
D:9:      layout_cave_pools, kennysheep_vampire_church
D:10:     layout_loops_ring, mainiacjoe_overflow_big_doors, serial_shops,
          nicolae_take_the_stairs, nrook_uturn
D:11:     layout_cave_pools, david_lair_generic
D:12:     gargoyle_guard, layout_long_grid,
          kennysheep_orc_monster_closet_entryway, nicolae_uskayaw_en_pointe,
          uniq_kirke, uniq_josephine
D:13:     layout_basic, ximxim_vaults_locker_room, gauntlet_entry_generic,
          kennysheep_generic_room_14

Skill      XL: |  1  2  3  4  5  6  7  8  9 10 11 |
---------------+----------------------------------+-----
Axes           | 3 4 5 6 |  6.1
Fighting       | 4 5 6 7 8 9 10 | 10.5
Armour         | 4 5 6 7 9 |  9.6
Shields        | 4 5 6 7 9 |  9.6
Polearms       | 3 |  3.3
Maces & Flails | 2 6 8 10 | 10.2

Action                   |  1- 3 |  4- 6 |  7- 9 | 10-12 || total
-------------------------+-------+-------+-------+-------++-------
Melee: War axe           |   101 |   117 |   215 |       ||   433
       Flail             |       |       |   196 |   352 ||   548
Throw: Dart              |       |     2 |     5 |     1 ||     8
       Stone             |       |     2 |       |       ||     2
Invok: Convert to Beogh  |       |       |       |     1 ||     1
Evoke: Wand              |       |       |       |    10 ||    10
  Use: Scroll            |       |     9 |     5 |    17 ||    31
       Potion            |       |     3 |     2 |    13 ||    18
 Stab: Distracted        |       |       |       |     1 ||     1
Armor: Scale mail        |    56 |    47 |   179 |   123 ||   405
       Plate armour      |       |       |       |    53 ||    53
       Skin              |       |       |       |    27 ||    27
Dodge: Dodged            |    54 |    32 |   278 |   252 ||   616
Block: Buckler           |    26 |    28 |   104 |   142 ||   300
